 Dungeon Crawl Stone Soup version 0.32-a0-136-gc02482bde3 (webtiles) character file.

Game seed: 361149178358706762

11772 Rennog the Grappler (level 11, -1/84 HPs)
             Began as a Gnoll Shapeshifter on Feb 10, 2024.
             Was a High Priest of Okawaru.
             Slain by a harpy simulacrum (4 damage)
             ... in a Gauntlet.
             The game lasted 00:24:34 (10511 turns).

Rennog the Grappler (Gnoll Shapeshifter)           Turns: 10511, Time: 00:24:36

Health: -1/84      AC: 12    Str: 17    XL:     11   Next: 83%
Magic:  17/21      EV: 16    Int:  9    God:    Okawaru [*****.]
Gold:   138        SH:  0    Dex: 16    Spells: 15/23 levels left

rFire   + . .        M - +11 flail of Nightmares {flame, Dex+3}
rCold   + + .        (no shield)
rNeg    . . .        z - +0 chain mail
rPois   .            (helmet currently unavailable)
rElec   .            (cloak currently unavailable)
rCorr   .            (gloves currently unavailable)
SInv    .            (boots currently unavailable)
Will    .....        J - amulet of regeneration
Stlth   ++++         u - ring of protection from cold
HPRegen 1.14/turn    K - ring of protection from cold
MPRegen 0.17/turn

%: no teleportation
@: beast-form, heroic, fugue
A: beast (slay +4), fangs 1, strong nose, distributed training, fire resistance
1, subdued magic 1, sturdy frame 2
a: Begin Untransformation, Renounce Religion, Heroism, Finesse, Duel


You were in a Gauntlet.
You worshipped Okawaru.
Okawaru was extremely pleased with you.
You were a hulking beast.
You visited 3 branches of the dungeon, and saw 14 of its levels.
You also visited: Gauntlet.

You collected 530 gold pieces.
You spent 392 gold pieces at shops.

Inventory:

Hand Weapons
 x - the +4 dagger of the Pill Bug {speed, rElec rF+ Dex+3}
   (You took it off a hobgoblin on level 4 of the Dungeon)

   Dex+3:     It affects your dexterity (+3).
   rF+:       It protects you from fire.
   rElec:     It insulates you from electricity.
 M - the +11 flail of Nightmares (weapon) {flame, Dex+3}
   (You bought it in a shop on level 10 of the Dungeon)

   Dex+3:     It affects your dexterity (+3).
Missiles
 G - 2 throwing nets
 P - 11 poisoned darts (quivered)
 Q - a curare-tipped dart
Armour
 g - a +1 ring mail of cold resistance
 z - a +0 chain mail (worn)
 I - +0 steam dragon scales
Magical Staves
 R - a staff of alchemy
 S - a staff of death
Jewellery
 u - a ring of protection from cold (left hand)
 B - a ring of ice
 J - an amulet of regeneration (around neck)
 K - a ring of protection from cold (right hand)
 N - a ring of protection from cold
Talismans
 c - a beast talisman (active)
 d - a flux talisman
 F - the maw talisman "Ozocruemi" {rF- rC+ Will++ SInv}
   (You found it on level 11 of the Dungeon)

   [maw talisman]

   rF-:       It makes you vulnerable to fire.
   rC+:       It protects you from cold.
   Will++:    It greatly increases your willpower.
   SInv:      It lets you see invisible.
Wands
 n - a wand of roots (6)
 q - a wand of flame (68)
Scrolls
 a - a scroll of revelation
 f - 2 scrolls of fear
 j - 5 scrolls of amnesia
 k - 4 scrolls of immolation
 o - 2 scrolls of blinking
 p - 8 scrolls of enchant weapon
 r - a scroll of poison {unknown}
 w - a scroll of noise
 y - 4 scrolls of teleportation
 A - a scroll of vulnerability
 C - 2 scrolls of summoning
 H - a scroll of enchant armour
 L - 2 scrolls of identify
 O - a scroll of brand weapon {unknown}
Potions
 b - 2 potions of lignification
 e - a potion of mutation {unknown}
 h - a potion of might {unknown}
 i - 4 potions of curing
 l - 3 potions of degeneration {unknown}
 m - 4 potions of haste {unknown}
 s - a potion of ambrosia {unknown}
 t - a potion of berserk rage {unknown}
 v - a potion of resistance {unknown}
 D - a potion of enlightenment {unknown}
 E - 2 potions of brilliance {unknown}


   Skills:
 + Level 7.4(12.4) Fighting
 + Level 6.9(11.9) Short Blades
 + Level 6.9(11.9) Long Blades
 + Level 6.9(11.9) Axes
 + Level 6.9(11.9) Maces & Flails
 + Level 6.9(11.9) Polearms
 + Level 6.9(11.9) Staves
 + Level 6.9(11.9) Ranged Weapons
 + Level 6.9(11.9) Throwing
 + Level 6.9(11.9) Armour
 + Level 8.4(13.4) Dodging
 + Level 6.9(11.9) Stealth
 + Level 6.9(11.9) Shields
 + Level 9.6(14.6) Unarmed Combat
 + Level 6.9 Spellcasting
 + Level 5.7 Conjurations
 + Level 5.7 Hexes
 + Level 5.7 Summonings
 + Level 5.7 Necromancy
 + Level 5.7 Translocations
 + Level 5.7 Fire Magic
 + Level 5.7 Ice Magic
 + Level 5.7 Air Magic
 + Level 5.7 Earth Magic
 + Level 5.7 Alchemy
 + Level 7.6 Invocations
 + Level 6.9 Evocations
 + Level 9.2 Shapeshifting


You had 15 spell levels left.
You knew the following spells:

 Your Spells              Type           Power      Damage    Failure   Level
a - Blink                 Tloc           20%        N/A       6%          2
b - Fugue of the Fallen   Necr           10%        N/A       12%         3
c - Swiftness             Air            10%        N/A       12%         3

Your spell library contained the following spells:

 Spells                   Type           Power      Damage    Failure   Level
 Magic Dart               Conj           40%        1d5       3%          1
 Necrotise                Necr           40%        1d6       3%          1
 Cigotuvi's Dreadful Rot  Necr/Alch/Air  20%        N/A       6%          2
 Ensorcelled Hibernation  Hex/Ice        20%        N/A       6%          2
 Dazzling Flash           Conj/Hex       20%        N/A       12%         3
 Frozen Ramparts          Ice            20%        1d4       12%         3
 Hailstorm                Conj/Ice       10%        3d6       12%         3
 Inner Flame              Hex/Fire       10%        N/A       12%         3
 Ozocubu's Armour         Ice            10%        N/A       12%         3
 Passwall                 Erth           10%        N/A       12%         3
 Vampiric Draining        Necr           10%        2d6       12%         3
 Volatile Blastmotes      Fire/Tloc      20%        2d11      12%         3
 Anguish                  Hex/Necr       5%         N/A       38%         4
 Fulminant Prism          Conj/Alch      5%         3d7       38%         4
 Ignite Poison            Fire/Alch      10%        N/A       38%         4
 Leda's Liquefaction      Alch/Erth      5%         N/A       38%         4
 Manifold Assault         Tloc           10%        N/A       38%         4
 Passage of Golubria      Tloc           10%        N/A       38%         4
 Petrify                  Alch/Erth      10%        N/A       38%         4
 Curse of Agony           Necr           10%        N/A       77%         5
 Freezing Cloud           Conj/Ice/Air   5%         6-21      77%         5
 Irradiate                Conj/Alch      5%         3d13      77%         5
 Metabolic Englaciation   Hex/Ice        5%         N/A       77%         5
 Yara's Violent Unravell  Hex/Alch       5%         3d4       77%         5
 Starburst                Conj/Fire      5%         6d4       100%        6
 Ignition                 Fire           5%         3d4       100%        8
 Maxwell's Capacitive Co  Air            5%         ∞         100%        8
 Call Imp                 Summ           Unusable   N/A       N/A         2
 Tukima's Dance           Hex            Unusable   N/A       N/A         3
 Martyr's Knell           Necr/Summ      Unusable   N/A       N/A         4

Dungeon Overview and Level Annotations

Branches:
Dungeon (11/15)            Temple (1/1) D:5            Lair (2/5) D:9
Gauntlet (1/1)
  Swamp: Lair:2-3    Shoals: Lair:2-3     Snake: Lair:2-3    Spider: Lair:2-3
    Orc: D:9-12

Altars:
Ashenzari
Cheibriados
Dithmenos
Elyvilon
Fedhas
Gozag
Hepliaklqana
Kikubaaqudgha
Makhleb
Nemelex Xobeh
Okawaru
Qazlal
Ru
Sif Muna
Trog
Uskayaw
Vehumet
Wu Jian
Xom
Yredelemnul
Zin
The Shining One

Shops:
D:10 [?!(

Annotations:
Lair:1 Gastronok Gauntlet 11 transporters, exclusion: obsidian statue


Innate Abilities, Weirdness & Mutations

You are a hulking beast.
Your limbs bulge with bestial killing power. (Slay +4)
You have very sharp teeth.
Your uncanny sense of smell can sniff out nearby items.
Your experience applies equally to all skills.
Your flesh is heat resistant. (rF+)
Your spells are a little easier to cast, but a little less powerful.
Your movements are less encumbered by armour. (ER -4)


Message History

You melt the wolf spider simulacrum.
The wolf spider simulacrum vaporises!
Okawaru accepts your kill.
The harpy simulacrum fails to trigger a net trap.
The meliai simulacrum closely misses you.
The meliai simulacrum hits you but does no damage.
The harpy simulacrum closely misses you.
The harpy simulacrum claws you. The harpy simulacrum freezes you. You resist.
The meliai simulacrum hits you. The meliai simulacrum freezes you. You resist.
* * * LOW HITPOINT WARNING * * *
The meliai simulacrum hits you.
* * * LOW HITPOINT WARNING * * *
The meliai simulacrum freezes you. You resist.
* * * LOW HITPOINT WARNING * * *
You feel better.
The harpy simulacrum closely misses you.
The harpy simulacrum completely misses you.
The meliai simulacrum closely misses you.
The meliai simulacrum hits you but does no damage.
The harpy simulacrum claws you but does no damage.
The harpy simulacrum claws you.
* * * LOW HITPOINT WARNING * * *
The harpy simulacrum freezes you. You resist.
* * * LOW HITPOINT WARNING * * *
The meliai simulacrum barely misses you.
The meliai simulacrum closely misses you.
You gain the combat prowess of a mighty hero.
The harpy simulacrum claws you.
* * * LOW HITPOINT WARNING * * *
The harpy simulacrum freezes you. You resist.
* * * LOW HITPOINT WARNING * * *
The harpy simulacrum barely misses you. The harpy simulacrum claws you.
* * * LOW HITPOINT WARNING * * *
The harpy simulacrum freezes you. You resist.
* * * LOW HITPOINT WARNING * * *
The harpy simulacrum claws you but does no damage.
The meliai simulacrum closely misses you.
The meliai simulacrum hits you but does no damage.
The harpy simulacrum claws you.
You die...

#≈...###########...........
##.....................ß...
##.ß.....ß.....ß..........
#≈...............#########
##...#########...#........
#§...#.......#...#.PP..PPP
##§..#..##.![#####.P#P.P#P
#≈...##.Z##=.#...#.PPP.PP.
##.ß©###Zh##©#©ß©#..P.©.PI
#≈...#.##..###...#.PPP..P.
##...#..##..######..#P..#.
#≈...#..Z....#...#..PP.PPP
##...#########...#........
#≈...............#########
##.ß.....ß....§ß..........
#§.§§§.§§§...§§§.....§ß...
##≈#§#≈#≈#≈#≈#≈#....§§§...


You could see a harpy simulacrum and a meliai simulacrum.

Vanquished Creatures
  2 two-headed ogres (D:9)
  A manticore (D:11)
  An ugly thing (D:9)
  A rime drake (D:9)
  A troll (D:11)
  A wolf spider simulacrum (Gauntlet)
  A polar bear (D:9)
  A slime creature (D:9)
  A centaur simulacrum (Gauntlet)
  Sigmund (D:2)
  A shadow (D:9)
  A vampire (D:10)
  Eustachio (D:4)
  2 wraiths
  A wyvern (D:9)
  14 yaks
  5 steam dragons
  2 acid dragons (D:8)
  3 sky beasts
  Duvessa (D:4)
  3 orc warriors
  8 ice beasts
  4 black bears
  A wolf (D:8)
  2 centaurs
  A phantom (D:4)
  5 bullfrogs
  5 scorpions
  9 wights
  Dowan (D:4)
  A killer bee (D:9)
  A crimson imp (D:6)
  8 hounds
  2 centaur zombies (D:4)
  3 jellies (D:5)
  3 bombardier beetles
  A bullfrog skeleton (D:4)
  An orc priest (D:7)
  3 gnoll boudas
  3 sleepcaps
  Ijyb (D:3)
  Natasha (thrice) (D:2)
  2 iguanas
  9 orc wizards
  A hound zombie (D:4)
  2 hound skeletons (D:4)
  17 gnolls
  4 adders
  A white imp (D:6)
  2 ufetubi (D:6)
  3 dart slugs
  2 ribbon worms (D:2)
  29 orcs
  9 ball pythons
  9 endoplasms
  5 giant cockroaches
  5 goblins
  6 hobgoblins
  3 jackals (D:1)
  3 quokkas
  7 bats
  6 frilled lizards
  7 kobolds
  7 rats
250 creatures vanquished.

Vanquished Creatures (others)
  An orc (D:7)
1 creature vanquished.

Grand Total: 251 creatures vanquished

Notes
Turn   | Place    | Note
-------+----------+-------------------------------------------
     0 | D:1      | Rennog the Gnoll Shapeshifter began the quest for the Orb.
     0 | D:1      | Reached XP level 1. HP: 17/17 MP: 1/1
   123 | D:1      | Reached XP level 2. HP: 23/23 MP: 2/2
   603 | D:1      | Reached XP level 3. HP: 27/28 MP: 3/3
   832 | D:2      | Reached skill level 1 in Invocations
   863 | D:2      | Noticed Natasha
   871 | D:2      | Killed Natasha
   872 | D:2      | Reached skill level 1 in Short Blades
   872 | D:2      | Reached skill level 1 in Long Blades
   872 | D:2      | Reached skill level 1 in Axes
   872 | D:2      | Reached skill level 1 in Maces & Flails
   872 | D:2      | Reached skill level 1 in Polearms
   872 | D:2      | Reached skill level 1 in Staves
   872 | D:2      | Reached skill level 1 in Ranged Weapons
   872 | D:2      | Reached skill level 1 in Throwing
   872 | D:2      | Reached skill level 1 in Armour
   872 | D:2      | Reached skill level 1 in Stealth
   872 | D:2      | Reached skill level 1 in Shields
   872 | D:2      | Reached skill level 1 in Spellcasting
   872 | D:2      | Reached skill level 1 in Evocations
   872 | D:2      | Reached XP level 4. HP: 24/34 MP: 5/5
   943 | D:2      | Noticed Sigmund
   952 | D:2      | Killed Sigmund
   953 | D:2      | Reached skill level 1 in Conjurations
   953 | D:2      | Reached skill level 1 in Hexes
   953 | D:2      | Reached skill level 1 in Summonings
   953 | D:2      | Reached skill level 1 in Necromancy
   953 | D:2      | Reached skill level 1 in Translocations
   953 | D:2      | Reached skill level 1 in Fire Magic
   953 | D:2      | Reached skill level 1 in Ice Magic
   953 | D:2      | Reached skill level 1 in Air Magic
   953 | D:2      | Reached skill level 1 in Earth Magic
   953 | D:2      | Reached skill level 1 in Alchemy
   953 | D:2      | Reached XP level 5. HP: 31/41 MP: 5/7
   953 | D:2      | Reached XP level 6. HP: 36/47 MP: 5/8
  1049 | D:2      | Noticed Natasha
  1060 | D:2      | Killed Natasha
  1061 | D:2      | Reached skill level 5 in Dodging
  1248 | D:2      | Noticed Natasha
  1257 | D:2      | Killed Natasha
  1823 | D:3      | Noticed Ijyb
  1841 | D:3      | Killed Ijyb
  2152 | D:3      | Found a faded altar of an unknown god.
  2331 | D:3      | Prayed at the altar of an unknown god.
  2331 | D:3      | Became a worshipper of Xom of Chaos
  2418 | D:4      | Got the Parchment of Battle Magic
  2434 | D:4      | Identified the +4 dagger of the Pill Bug {speed, rElec rF+
                  | Dex+3}
  2449 | D:4      | Reached XP level 7. HP: 52/52 MP: 10/10
  2541 | D:4      | Identified the +0 dagger "Oraudusu" {pain, Fly Int+4}
  2812 | D:4      | XOM: confuse monster(s)
  2965 | D:4      | Reached XP level 8. HP: 59/60 MP: 12/12
  2967 | D:4      | Noticed Eustachio
  2989 | D:4      | XOM: silly message
  3001 | D:4      | XOM: potion effect (might)
  3019 | D:4      | Killed Eustachio
  3022 | D:4      | XOM: silly message
  3073 | D:4      | XOM: scenery: 1 doors close
  3120 | D:4      | Noticed Duvessa
  3120 | D:4      | Noticed Dowan
  3143 | D:4      | Killed Duvessa
  3153 | D:4      | Killed Dowan
  3203 | D:4      | XOM: summons 1 hostile demon
  3270 | D:4      | XOM: stat loss: -1 Str (14/15)
  3354 | D:5      | Entered Level 5 of the Dungeon
  3361 | D:5      | XOM: 5-stop teleportation journey
  3482 | D:5      | XOM: noise
  3569 | D:5      | XOM: potion effect (might)
  3601 | D:5      | Found a staircase to the Ecumenical Temple.
  3613 | D:5      | Found a shimmering altar of Xom.
  3661 | Temple   | Entered the Ecumenical Temple
  3737 | Temple   | Fell from the grace of Xom
  3737 | Temple   | Became a worshipper of Warmaster Okawaru
  4223 | D:6      | Reached XP level 9. HP: 66/66 MP: 14/14
  4391 | D:6      | Reached * piety under Okawaru
  4407 | D:6      | Reached skill level 5 in Fighting
  4623 | D:6      | XOM: summons 4 hostile shadow creatures
  5054 | D:7      | XOM: noise
  5299 | D:7      | Reached skill level 5 in Invocations
  5341 | D:7      | Reached ** piety under Okawaru
  5370 | D:7      | Reached skill level 5 in Short Blades
  5370 | D:7      | Reached skill level 5 in Long Blades
  5370 | D:7      | Reached skill level 5 in Axes
  5370 | D:7      | Reached skill level 5 in Maces & Flails
  5370 | D:7      | Reached skill level 5 in Polearms
  5370 | D:7      | Reached skill level 5 in Staves
  5370 | D:7      | Reached skill level 5 in Ranged Weapons
  5370 | D:7      | Reached skill level 5 in Throwing
  5370 | D:7      | Reached skill level 5 in Armour
  5370 | D:7      | Reached skill level 5 in Stealth
  5370 | D:7      | Reached skill level 5 in Shields
  5370 | D:7      | Reached skill level 5 in Spellcasting
  5370 | D:7      | Reached skill level 5 in Evocations
  5370 | D:7      | Reached XP level 10. HP: 54/76 MP: 17/17
  5384 | D:7      | XOM: enchant monster (bad)
  5434 | D:7      | XOM: give mutations
  5434 | D:7      | Gained mutation: Your movements are slightly less
                  | encumbered by armour. (ER -2) [Xom's mischief]
  5434 | D:7      | Gained mutation: Your spells are a little easier to cast,
                  | but a little less powerful. [Xom's mischief]
  5434 | D:7      | Gained mutation: You are vulnerable to heat. (rF-) [Xom's
                  | mischief]
  5434 | D:7      | Gained mutation: Your movements are less encumbered by
                  | armour. (ER -4) [Xom's mischief]
  5547 | D:7      | Found a hide-covered altar of Uskayaw.
  5588 | D:7      | Reached *** piety under Okawaru
  6666 | D:8      | Found a shimmering altar of Xom.
  7539 | D:8      | Found an ornate altar of the Wu Jian Council.
  7539 | D:8      | You fall into a shaft and drop 2 floors!
  7539 | D:10     | Entered Level 10 of the Dungeon
  7555 | D:10     | Found Pigrituv's Armour Emporium.
  7633 | D:10     | Reached **** piety under Okawaru
  7655 | D:10     | Found Wuczo's Distillery.
  7663 | D:10     | Found Pypac Sac's Antique Weapon Boutique.
  7668 | D:10     | Bought a potion of heal wounds for 75 gold pieces
  7668 | D:10     | Bought a potion of curing for 45 gold pieces
  7914 | D:10     | Found a radiant altar of Vehumet.
  7924 | D:10     | Bought a transparent flail for 272 gold pieces
  7924 | D:10     | Identified the +11 flail of Nightmares {flame, Dex+3} (You
                  | bought it in a shop on level 10 of the Dungeon)
  7934 | D:10     | Found a white marble altar of Elyvilon.
  8039 | D:9      | Noticed a two-headed ogre
  8076 | D:9      | Killed a two-headed ogre
  8077 | D:9      | Reached skill level 5 in Conjurations
  8077 | D:9      | Reached skill level 5 in Hexes
  8077 | D:9      | Reached skill level 5 in Summonings
  8077 | D:9      | Reached skill level 5 in Necromancy
  8077 | D:9      | Reached skill level 5 in Translocations
  8077 | D:9      | Reached skill level 5 in Fire Magic
  8077 | D:9      | Reached skill level 5 in Ice Magic
  8077 | D:9      | Reached skill level 5 in Air Magic
  8077 | D:9      | Reached skill level 5 in Earth Magic
  8077 | D:9      | Reached skill level 5 in Alchemy
  8077 | D:9      | Reached XP level 11. HP: 55/83 MP: 18/20
  8185 | D:9      | Noticed a cyan ugly thing
  8389 | D:9      | Found a staircase to the Lair.
  8398 | D:9      | Noticed a two-headed ogre
  8409 | D:9      | Killed a two-headed ogre
  8543 | D:9      | Reached ***** piety under Okawaru
  8732 | D:9      | Killed a cyan ugly thing
  8946 | D:9      | Received a gift from Okawaru
  9393 | D:10     | XOM: give mutation
  9393 | D:10     | Lost mutation: You are vulnerable to heat. (rF-) [Xom's
                  | mischief]
  9393 | D:10     | Gained mutation: Your flesh is heat resistant. (rF+) [Xom's
                  | mischief]
  9458 | D:10     | Found Baxafis's Magic Scroll Emporium.
  9458 | D:10     | XOM: 7-stop teleportation journey
  9903 | D:11     | XOM: stat loss: -1 Int (8/9)
  9930 | D:11     | Noticed a manticore
  9958 | D:11     | Killed a manticore
 10039 | D:11     | Identified the maw talisman "Ozocruemi" {rF- rC+ Will++
                  | SInv}
 10148 | Lair:1   | Entered Level 1 of the Lair of Beasts
 10149 | Lair:1   | Noticed Gastronok
 10194 | Lair:2   | Found a gate leading to a gauntlet.
 10205 | Gauntlet | Entered a Gauntlet
 10205 | Gauntlet | Found a transporter.
 10215 | Gauntlet | Found a transporter.
 10235 | Gauntlet | Found a transporter.
 10235 | Gauntlet | Found a transporter.
 10237 | Gauntlet | Noticed a ghost crab
 10255 | Gauntlet | Found a transporter.
 10268 | Gauntlet | Found a transporter.
 10281 | Gauntlet | Found a transporter.
 10281 | Gauntlet | Noticed an obsidian statue
 10301 | Gauntlet | Found a transporter.
 10305 | Gauntlet | Found a transporter.
 10313 | Gauntlet | Found a transporter.
 10334 | Gauntlet | Noticed a moth of wrath
 10339 | Gauntlet | Found a transporter.
 10340 | Gauntlet | Found a transporter.
 10496 | Gauntlet | Learned a level 2 spell: Blink
 10500 | Gauntlet | Learned a level 3 spell: Fugue of the Fallen
 10504 | Gauntlet | Learned a level 3 spell: Swiftness
 10511 | Gauntlet | HP: 3/84 [harpy simulacrum (5)]
 10511 | Gauntlet | Slain by a harpy simulacrum

Illustrated notes

Levels and vault maps discovered:
D:1:      evilmike_arrival_fibonacci_small, layout_basic, grunt_decor_cap
D:2:      layout_loops_ring, uniq_natasha, uniq_sigmund
D:3:      layout_rooms, nicolae_ecumenical_lake_church, uniq_ijyb
D:4:      layout_basic, dilly_guarded_unrand_morg, uniq_duvessa, uniq_eustachio
D:5:      layout_loops_ring, temple_pool_b, minmay_ruined_shrine
D:6:      layout_loops_ring, minmay_misc_feat_rows, minmay_fire_ice_demons
D:7:      layout_loops_corners, nicolae_uskayaw_murder_on_the_dancefloor,
          minmay_quadrilaterals
D:8:      layout_cave_pools, mainiacjoe_overflow_catch_the_wave
D:9:      layout_stronghold, hellmonk_lair_entry_icy,
          minmay_mirror_moons_of_madness
D:10:     layout_small_grid, mainiacjoe_overflow_catwalk_spiral, serial_shops,
          shop, shop, shop, shop
D:11:     layout_grid_maze, minmay_crystal_water
Temple:   minmay_temple_bridge_d
Lair:1:   lemuel_ratsnest, layout_misc_corridors,
          nicolae_volcano_entry_two_sided, lemuel_fruit_tree,
          grunt_megastairs_2, uniq_gastronok, uniq_joseph
Lair:2:   layout_gridlike, elwin_shoals_entry_rooms, gauntlet_entry_generic
Gauntlet: minmay_gauntlet_mixed_oops_all_seconds
          [minmay_gauntlet_arena_77_hold_the_fort,
          gammafunk_gauntlet_arena_chambers, minmay_gauntlet_arena_77_two_lines,
          gammafunk_gauntlet_arena_split_x,
          minmay_gauntlet_arena_77_broken_ladder,
          gammafunk_gauntlet_arena_hedges, gauntlet_exit_watery]

Skill      XL: |  1  2  3  4  5  6  7  8  9 10 11 |
---------------+----------------------------------+-----
Invocations    | 1 2 3 4 5 6 7 |  7.6
Short Blades   | 1 2 3 5 6 |  6.9
Long Blades    | 1 2 3 5 6 |  6.9
Axes           | 1 2 3 5 6 |  6.9
Maces & Flails | 1 2 3 5 6 |  6.9
Polearms       | 1 2 3 5 6 |  6.9
Staves         | 1 2 3 5 6 |  6.9
Ranged Weapons | 1 2 3 5 6 |  6.9
Throwing       | 1 2 3 5 6 |  6.9
Armour         | 1 2 3 5 6 |  6.9
Stealth        | 1 2 3 5 6 |  6.9
Shields        | 1 2 3 5 6 |  6.9
Spellcasting   | 1 2 3 5 6 |  6.9
Evocations     | 1 2 3 5 6 |  6.9
Fighting       | 3 4 5 6 7 |  7.4
Conjurations   | 1 2 3 4 5 |  5.7
Hexes          | 1 2 3 4 5 |  5.7
Summonings     | 1 2 3 4 5 |  5.7
Necromancy     | 1 2 3 4 5 |  5.7
Translocations | 1 2 3 4 5 |  5.7
Fire Magic     | 1 2 3 4 5 |  5.7
Ice Magic      | 1 2 3 4 5 |  5.7
Air Magic      | 1 2 3 4 5 |  5.7
Earth Magic    | 1 2 3 4 5 |  5.7
Alchemy        | 1 2 3 4 5 |  5.7
Dodging        | 5 6 7 8 |  8.4
Unarmed Combat | 7 8 9 |  9.6
Shapeshifting  | 7 8 9 |  9.2

Action                     |  1- 3 |  4- 6 |  7- 9 | 10-12 || total
---------------------------+-------+-------+-------+-------++-------
  Melee: Unarmed           |     9 |       |       |       ||     9
         Short sword       |    34 |       |       |       ||    34
         Bite              |     3 |     5 |    47 |    60 ||   115
         Punch             |     2 |     3 |    24 |    37 ||    66
         Whip              |    19 |   109 |       |       ||   128
         Dagger            |       |     5 |   377 |   275 ||   657
         Flail             |       |       |       |   133 ||   133
  Throw: Dart              |       |       |       |     6 ||     6
   Cast: Fugue of the Fall |       |       |       |     1 ||     1
 Invoke: Heroism           |       |       |     1 |     4 ||     5
         Finesse           |       |       |       |     1 ||     1
    Use: Scroll            |       |       |     8 |     3 ||    11
         Potion            |       |       |       |     3 ||     3
   Stab: Sleeping          |       |     1 |     2 |     2 ||     5
         Confused          |       |       |     1 |       ||     1
 Armour: Animal skin       |     6 |       |       |       ||     6
         Ring mail         |    28 |    76 |    46 |       ||   150
         Chain mail        |       |       |   105 |   269 ||   374
  Dodge: Dodged            |    31 |    80 |   138 |   175 ||   424
   Form: Beast             |     1 |       |       |       ||     1

Table legend: (Time is in decaauts)
 A = Elapsed time spent in this place.
 B = Non-inter-level travel time spent in this place.
 C = Inter-level travel time spent in this place.
 D = Time resting spent in this place.
 E = Time spent auto-exploring this place.
 F = Levels seen in this place.
 G = Mean time per level.
                   A        B        C        D        E       F      G
               +--------+--------+--------+--------+--------+-----+--------+
         Total |  10200 |   9571 |    629 |    294 |   7254 |  15 |  680.0 |
       Dungeon |   9688 |   9238 |    450 |    294 |   7081 |  11 |  880.7 |
        Temple |    149 |      2 |    147 |      0 |      0 |   1 |  149.0 |
          Lair |     56 |     24 |     32 |      0 |      0 |   2 |   28.0 |
      Gauntlet |    305 |    305 |      0 |      0 |    173 |   1 |  305.0 |
               +--------+--------+--------+--------+--------+-----+--------+

Top non-repeatable levels by time:
     D:7: 1310 daAuts
     D:9: 1164 daAuts
     D:8: 1031 daAuts
     D:2: 954 daAuts
     D:4: 939 daAuts
    D:10: 927 daAuts
     D:6: 849 daAuts
     D:3: 772 daAuts
     D:5: 670 daAuts
     D:1: 635 daAuts
    D:11: 432 daAuts
Gauntlet: 305 daAuts
  Temple: 149 daAuts
  Lair:2: 36 daAuts
  Lair:1: 20 daAuts
